[Event "Titled Tuesday Blitz April 19 Early 2022"]
[White "Sztokbant, Bernardo Vainzoff"]
[Black "Zhu, Jiner"]
[WhiteFideId "2115956"]
[BlackFideId "8608059"]
[WhiteElo "2225"]
[BlackElo "2281"]
[Result "0-1"]
[Round "10"]
[TimeControl "180+1"]
[Date "2022.04.19"]
[WhiteClock "0:00:01"]
[BlackClock "0:00:05"]

1. e4 e5 2. Nf3 Nc6 3. Bb5 a6 4. Ba4 Nf6 5. O-O Be7 6. Re1 b5 7. Bb3 O-O 8. c3 d5 9. exd5 Nxd5 10. Nxe5 Nxe5 11. Rxe5 c6 12. d3 Bd6 13. Re1 Qh4 14. g3 Qh3 15. Re4 Qf5 16. Nd2 Qg6 17. Qe2 Bf5 18. Nf3 Bxe4 19. Qxe4 Rfe8 20. Qxg6 hxg6 21. Bd2 Bc5 22. Kf1 Rad8 23. d4 Bd6 24. a4 Nb6 25. Ng5 Nc4 26. Bc1 Re7 27. axb5 axb5 28. Nf3 c5 29. Bg5 f6 30. Bc1 Kf8 31. Nh4 Rc7 32. Nxg6+ Kf7 33. Nf4 cxd4 34. cxd4 Bb4 35. Be3 g5 36. Nd3 Bf8 37. Ra5 Rb8 38. Nc5 Kg6 39. Bc2+ Kf7 40. Bb3 Kg6 41. Bc2+ Kh6 42. Ra6 Rb6 43. Rxb6 Nxb6 44. Bd3 Nd5 45. Ne6 Nxe3+ 46. fxe3 Rc1+ 47. Kg2 Bd6 48. g4 Rd1 49. Bxb5 Rd2+ 50. Kf3 Rxb2 51. Bd3 Rxh2 52. Bf5 Rh1 53. Ke4 Re1 54. Kd5 Bg3 55. e4 Rd1 56. Nc5 Kg7 57. Ne6+ Kf7 58. Kc6 Ke7 59. d5 Rc1+ 60. Kb5 Kd6 61. Kb4 Bf2 62. Kb3 Ke5 63. Nf8 Bd4 64. Nd7+ Kd6 65. Nf8 Rc3+ 66. Kb4 Rc1 67. Ne6 Be5 68. Kb3 Rc3+ 69. Kb4 Rc2 70. Nd8 Bc3+ 71. Kb3 Rc1 72. Ne6 Ke5 73. Nf8 Kd4 74. Nd7 Rb1+ 75. Kc2 Rb2+ 76. Kd1 Ke3 77. Kc1 Rh2 78. Nc5 Kd4 79. Ne6+ Kd3 80. e5+ Ke3 81. d6 fxe5 82. d7 Ba5 83. d8=Q Bxd8 84. Nxd8 e4 85. Nf7 Kf4 86. Bxe4 Kxe4 87. Nxg5+ Kf4 88. Ne6+ Kxg4 89. Nd4 Kf4 90. Nc2 Ke4 0-1


[Site "https://www.chess.com"]

[Event "Titled Tuesday Blitz April 19 Early 2022"]
[White "Tanenbaum, Zachary"]
[Black "Pinheiro, Iung Alicio de O."]
[WhiteFideId "2060850"]
[BlackFideId "2104350"]
[WhiteElo "2168"]
[BlackElo "2575"]
[Result "0-1"]
[Round "10"]
[TimeControl "180+1"]
[Date "2022.04.19"]
[WhiteClock "0:01:00"]
[BlackClock "0:01:41"]

1. e4 c5 2. Nf3 Nc6 3. Nc3 e5 4. Bc4 Be7 5. d3 d6 6. Nd2 Bg5 7. Nf1 Bxc1 8. Rxc1 Nge7 9. Ne3 O-O 10. O-O Kh8 11. f4 f5 12. exf5 Nxf5 13. Nxf5 Bxf5 14. g4 Bd7 15. f5 Nd4 16. Ne4 Bc6 17. a4 d5 18. Nxc5 dxc4 19. c3 Nb3 20. Nxb3 cxb3 21. Qxb3 Qxd3 22. Rce1 Qh3 23. Rf2 Qxg4+ 24. Kf1 Rxf5 25. Re2 Raf8 26. Qa3 Qg2+ 27. Ke1 Rxf2 28. Qxf8+ Rxf8 29. Rxg2 Bxg2 0-1


[Site "https://www.chess.com"]

[Event "Titled Tuesday Blitz April 19 Early 2022"]
[White "Terzi, Alexei"]
[Black "Yeletsky, Ivan"]
[WhiteFideId "13505076"]
[BlackFideId "24180327"]
[WhiteElo "2031"]
[BlackElo "2319"]
[Result "0-1"]
[Round "10"]
[TimeControl "180+1"]
[Date "2022.04.19"]
[WhiteClock "0:00:01"]
[BlackClock "0:00:15"]

1. e4 d5 2. exd5 Nf6 3. Bb5+ Nbd7 4. d4 Nxd5 5. Nf3 c6 6. Be2 g6 7. O-O Bg7 8. c4 Nc7 9. Nc3 O-O 10. Bf4 c5 11. d5 e6 12. Bxc7 Qxc7 13. dxe6 fxe6 14. Qc2 Ne5 15. Nb5 Qe7 16. Nxe5 Bxe5 17. g3 Bd7 18. f4 Bg7 19. Bf3 a6 20. Nc3 Rab8 21. Rfe1 b5 22. Rad1 Kh8 23. Nd5 Qf7 24. Ne3 Bd4 25. Kh1 e5 26. Bd5 Qg7 27. fxe5 Qxe5 28. Ng2 Qg7 29. b3 Rf2 30. Re2 Rbf8 31. Rxf2 Rxf2 32. Qe4 g5 33. Be6 Qf6 34. Qa8+ Kg7 35. Qg8+ Kh6 36. Nf4 Rxf4 37. Bxd7 Rf1+ 0-1


[Site "https://www.chess.com"]

[Event "Titled Tuesday Blitz April 19 Early 2022"]
[White "Thomas, Anysia"]
[Black "Markelova, Lubov"]
[WhiteFideId "670472"]
[BlackFideId "24131369"]
[WhiteElo "2002"]
[BlackElo "1857"]
[Result "1-0"]
[Round "10"]
[TimeControl "180+1"]
[Date "2022.04.19"]
[WhiteClock "0:00:17"]
[BlackClock "0:00:08"]

1. e4 c5 2. Nf3 d6 3. d4 cxd4 4. Nxd4 Nf6 5. Nc3 g6 6. Be2 Bg7 7. O-O O-O 8. Be3 Nc6 9. f4 d5 10. e5 Ne4 11. Nxe4 dxe4 12. Nxc6 bxc6 13. Qe1 Qc7 14. g4 e6 15. Qg3 Rb8 16. b3 Rd8 17. Rad1 Bd7 18. Qg2 Qa5 19. Qxe4 Qxa2 20. Bc4 Qa5 21. Bd4 c5 22. Be3 Bb5 23. f5 Bxc4 24. Qxc4 Rb4 25. Qxc5 Rxg4+ 26. Kh1 Rxd1 27. Rxd1 Qxc5 28. Bxc5 Bxe5 29. fxe6 fxe6 30. Rd8+ Kf7 31. Rd7+ Kf6 32. Rxh7 a5 33. Ra7 Bc3 34. Bb6 Re4 35. Bd8+ Kf5 36. Bxa5 Re1+ 37. Kg2 Bd2 38. Rf7+ Ke5 39. Bxd2 Re2+ 40. Rf2 Rxf2+ 41. Kxf2 Kd4 42. Ke2 e5 43. b4 Kc4 44. c3 e4 45. Ke3 1-0


[Site "https://www.chess.com"]

[Event "Titled Tuesday Blitz April 19 Early 2022"]
[White "Timofeev, Artyom"]
[Black "Visakh N R"]
[WhiteFideId "4140419"]
[BlackFideId "25012223"]
[WhiteElo "2594"]
[BlackElo "2448"]
[Result "1-0"]
[Round "10"]
[TimeControl "180+1"]
[Date "2022.04.19"]
[WhiteClock "0:00:10"]
[BlackClock "0:00:04"]

1. e4 c5 2. Nc3 g6 3. Nf3 Bg7 4. d4 cxd4 5. Nxd4 Nc6 6. Be3 Nf6 7. Bc4 O-O 8. Bb3 Na5 9. Qf3 d6 10. h3 Nd7 11. O-O a6 12. Rad1 b5 13. Bd5 Bb7 14. Bxb7 Nxb7 15. Nc6 Ne5 16. Nxe5 Bxe5 17. Bd4 Bxd4 18. Rxd4 Rc8 19. e5 Qb6 20. Nd5 Qd8 21. Rfd1 Rxc2 22. Nb4 Rc7 23. Nxa6 Rd7 24. Nb4 Nc5 25. Nc6 Qa8 26. exd6 exd6 27. Rxd6 Rxd6 28. Rxd6 Ne6 29. Qf6 Ng7 30. a3 h6 31. Ne7+ Kh7 32. h4 Qe4 33. Nd5 Nh5 34. Qc3 Qxh4 35. Rd7 Qg4 36. Qc7 Qe6 37. Ne3 Nf6 38. Re7 Nd5 39. Rxe6 Nxc7 40. Rb6 Rd8 41. Rb7 Ne6 42. Rxb5 Kg8 43. a4 Rd2 44. a5 Rd6 45. Rb6 Rxb6 46. axb6 Nc5 47. b4 Nb7 48. Nc4 Kf8 49. Na5 1-0


[Site "https://www.chess.com"]

[Event "Titled Tuesday Blitz April 19 Early 2022"]
[White "Tologon tegin, Semetei"]
[Black "Sapunov, Evgeny"]
[WhiteFideId "13800574"]
[BlackFideId "4126661"]
[WhiteElo "2258"]
[BlackElo "2470"]
[Result "1-0"]
[Round "10"]
[TimeControl "180+1"]
[Date "2022.04.19"]
[WhiteClock "0:00:37"]
[BlackClock "0:00:16"]

1. e4 c5 2. Nf3 d6 3. d4 cxd4 4. Nxd4 Nf6 5. Nc3 Nc6 6. Bg5 e6 7. Qd2 a6 8. O-O-O h6 9. Be3 Nxd4 10. Qxd4 Qc7 11. f4 Be7 12. Be2 b5 13. g4 e5 14. Qd3 b4 15. Nd5 Nxd5 16. exd5 Bb7 17. fxe5 dxe5 18. Rhg1 Rd8 19. Qe4 g6 20. h4 Qd6 21. Bc4 Bxh4 22. Rh1 Bg3 23. Kb1 Kd7 24. Bxh6 f6 25. Qxg6 Kc7 26. Rhf1 Rxh6 27. Qxh6 Bf4 28. Qh7+ Kb8 29. Rh1 Rd7 30. Qf5 Ka7 31. Rh7 Rxh7 32. Qxh7 Bg5 33. Qf7 Kb6 34. Qe6 Kc5 35. b3 a5 36. Qf7 Kb6 37. Rh1 e4 38. Qe6 Kc5 39. Qxe4 Bxd5 40. Bxd5 Qxd5 41. Qxd5+ Kxd5 42. Rf1 Ke4 43. Rf5 1-0


[Site "https://www.chess.com"]

[Event "Titled Tuesday Blitz April 19 Early 2022"]
[White "Trost, Edvin"]
[Black "Samunenkov, Ihor"]
[WhiteFideId "1729519"]
[BlackFideId "14187086"]
[WhiteElo "2160"]
[BlackElo "2409"]
[Result "0-1"]
[Round "10"]
[TimeControl "180+1"]
[Date "2022.04.19"]
[WhiteClock "0:00:03"]
[BlackClock "0:00:14"]

1. d4 d5 2. c4 e6 3. Nc3 a6 4. cxd5 exd5 5. Nf3 Nf6 6. Bg5 Be6 7. Qb3 Nbd7 8. Qxb7 Rb8 9. Qxa6 Rxb2 10. Qd3 c5 11. dxc5 Bxc5 12. e3 Qa5 13. Rc1 Ne4 14. Qa6 Qxa6 15. Bxa6 Bb4 16. O-O Nxc3 17. a3 Ba5 18. Nd4 Nc5 19. Bb5+ Bd7 20. Bxd7+ Kxd7 21. Kh1 Nd3 22. Rc2 Rxc2 23. Nxc2 Ne4 24. Bh4 Rb8 25. f3 Nd2 26. Rd1 g5 27. Ne1 Nb2 28. Bg3 Nxd1 29. Bxb8 Nxe3 30. Nd3 Ndc4 31. Nc5+ Kc6 32. Nd3 d4 33. Be5 Kd5 34. Bg7 Bc7 35. g3 Ne5 36. g4 Nxd3 37. h4 gxh4 38. g5 h3 39. Bxd4 Kxd4 40. g6 hxg6 41. a4 h2 42. a5 Nf2# 0-1


[Site "https://www.chess.com"]

[Event "Titled Tuesday Blitz April 19 Early 2022"]
[White "Tuleyeva-Aketayeva, Dana"]
[Black "Dushyant Sharma"]
[WhiteFideId "13701932"]
[BlackFideId "25065130"]
[WhiteElo "1875"]
[BlackElo "2105"]
[Result "0-1"]
[Round "10"]
[TimeControl "180+1"]
[Date "2022.04.19"]
[WhiteClock "0:01:48"]
[BlackClock "0:02:33"]

1. d4 d5 2. Nf3 e6 3. g3 Nf6 4. Bg2 Be7 5. O-O O-O 6. c4 dxc4 7. Ne5 c5 8. dxc5 Bxc5 9. Nxc4 Qc7 10. Bf4 Bxf2+ 11. Rxf2 Qxc4 12. Na3 Qa6 13. Qd6 Qxd6 14. Bxd6 Re8 15. Bf4 Nc6 16. Bxc6 bxc6 17. Nc4 Ba6 18. Ne5 c5 19. Bg5 Ne4 20. Nxf7 Nxf2 0-1


[Site "https://www.chess.com"]

[Event "Titled Tuesday Blitz April 19 Early 2022"]
[White "Urazayev, Arystanbek"]
[Black "Gubajdullin, Alexei"]
[WhiteFideId "13709810"]
[BlackFideId "4141202"]
[WhiteElo "2422"]
[BlackElo "2266"]
[Result "1-0"]
[Round "10"]
[TimeControl "180+1"]
[Date "2022.04.19"]
[WhiteClock "0:00:23"]
[BlackClock "0:00:09"]

1. d4 g6 2. c4 Bg7 3. Nc3 Nf6 4. e4 d6 5. Be2 O-O 6. Be3 Na6 7. h4 h5 8. Nh3 c5 9. d5 Ng4 10. Bxg4 Bxg4 11. Qd2 Bxh3 12. Rxh3 e6 13. dxe6 fxe6 14. Rd1 Qa5 15. Qxd6 Bxc3+ 16. bxc3 Qxc3+ 17. Bd2 Qxc4 18. Qe5 Rad8 19. Rc1 Qxa2 20. Qg5 Rd7 21. Rg3 Qxd2+ 22. Qxd2 Rxd2 23. Kxd2 Rxf2+ 24. Ke3 Rf6 25. e5 Rf5 26. Rxg6+ Kf7 27. Rg5 Rxg5 28. hxg5 Kg6 29. Rf1 Nc7 30. Ke4 b5 31. Rf6+ Kxg5 32. Rf7 Nd5 33. Rg7+ Kh6 34. Rxa7 c4 35. Ra6 Kg5 36. Rxe6 Nf4 37. Rb6 Nxg2 38. Rxb5 h4 39. Rb8 h3 40. Rg8+ Kh5 41. e6 Nh4 42. e7 h2 43. e8=Q+ Kh6 44. Qe6+ Kh5 45. Qg4+ Kh6 46. Qxh4# 1-0


[Site "https://www.chess.com"]

[Event "Titled Tuesday Blitz April 19 Early 2022"]
[White "Van den Dikkenberg, Erik"]
[Black "Martic, Ivan"]
[WhiteFideId "1005880"]
[BlackFideId "929301"]
[WhiteElo "2118"]
[BlackElo "2317"]
[Result "0-1"]
[Round "10"]
[TimeControl "180+1"]
[Date "2022.04.19"]
[WhiteClock "0:02:06"]
[BlackClock "0:02:01"]

1. e4 e6 2. d4 d5 3. e5 c5 4. c3 Nc6 5. Nf3 Bd7 6. Bd3 cxd4 7. cxd4 Qb6 8. O-O Nxd4 9. Nc3 Nxf3+ 10. Qxf3 Ne7 11. Re1 Nc6 12. Qg3 Be7 13. Qxg7 O-O-O 14. Qxf7 Rhf8 15. Qxf8 Rxf8 16. Re2 Nd4 17. Rd2 Bg5 18. Na4 Bxa4 0-1


[Site "https://www.chess.com"]

[Event "Titled Tuesday Blitz April 19 Early 2022"]
[White "Vidonyak, Roman"]
[Black "Hoffmann, Asa"]
[WhiteFideId "14100622"]
[BlackFideId "2001470"]
[WhiteElo "2424"]
[BlackElo "2117"]
[Result "0-1"]
[Round "10"]
[TimeControl "180+1"]
[Date "2022.04.19"]
[WhiteClock "0:00:53"]
[BlackClock "0:00:48"]

1. d4 Nf6 2. c4 c5 3. d5 e5 4. Nc3 d6 5. e4 Be7 6. h3 Nbd7 7. Nf3 Nf8 8. Be3 Ng6 9. Qd2 O-O 10. Bd3 a6 11. a4 b6 12. g4 h6 13. Rg1 Nh7 14. Kd1 Ng5 15. Nxg5 Bxg5 16. Kc2 Bd7 17. Raf1 Qf6 18. Ne2 b5 19. axb5 axb5 20. f4 exf4 21. Nxf4 Nxf4 22. Bxf4 bxc4 23. Bxc4 Bxf4 24. Rxf4 Qe5 25. Rgf1 f6 26. h4 Rfb8 27. Kb1 Rb4 28. g5 Rxc4 29. gxf6 Rxe4 30. fxg7 Rxf4 31. Rxf4 Bf5+ 0-1


[Site "https://www.chess.com"]

[Event "Titled Tuesday Blitz April 19 Early 2022"]
[White "Vlassov, Nikolai"]
[Black "Barbashin, Igor"]
[WhiteFideId "4103360"]
[BlackFideId "4155718"]
[WhiteElo "2407"]
[BlackElo "2138"]
[Result "1-0"]
[Round "10"]
[TimeControl "180+1"]
[Date "2022.04.19"]
[WhiteClock "0:01:22"]
[BlackClock "0:00:15"]

1. e4 d5 2. exd5 Nf6 3. Bb5+ Nbd7 4. c4 g6 5. Nf3 Bg7 6. O-O O-O 7. Bxd7 Bxd7 8. d4 b5 9. b3 bxc4 10. bxc4 e6 11. dxe6 Bxe6 12. Na3 Bg4 13. Be3 Qe7 14. Nc2 Rfd8 15. h3 Be6 16. Ne5 Nd7 17. Nc6 Qd6 18. Nxd8 Rxd8 19. Rb1 Bxc4 20. Re1 Bxa2 21. Ra1 Bd5 22. Rxa7 Nb6 23. Qg4 Nc4 24. Bf4 Qc6 25. Rxc7 Qa4 26. Rc8 Rf8 27. Rxf8+ Bxf8 28. Ne3 Nxe3 29. fxe3 Qc2 30. Qe2 Qe4 31. Rc1 h5 32. Rc8 Kg7 33. Be5+ Kh6 34. Rxf8 1-0


[Site "https://www.chess.com"]

[Event "Titled Tuesday Blitz April 19 Early 2022"]
[White "Vokarev, Sergey"]
[Black "Lach, Aleksandra"]
[WhiteFideId "4119711"]
[BlackFideId "1134299"]
[WhiteElo "2343"]
[BlackElo "2172"]
[Result "1-0"]
[Round "10"]
[TimeControl "180+1"]
[Date "2022.04.19"]
[WhiteClock "0:00:19"]
[BlackClock "0:00:11"]

1. e4 c5 2. Nf3 g6 3. d4 cxd4 4. Qxd4 Nf6 5. Nc3 Nc6 6. Qa4 d6 7. e5 dxe5 8. Nxe5 Bd7 9. Nxd7 Qxd7 10. Bd3 Bg7 11. O-O O-O 12. Be3 a6 13. Rad1 Qc8 14. Rfe1 b5 15. Qh4 Ne5 16. Bh6 Nxd3 17. Rxd3 Qc5 18. Bxg7 Kxg7 19. a3 h5 20. Qd4 Qxd4 21. Rxd4 Ra7 22. f3 Rb7 23. Kf2 Rc8 24. Re2 e6 25. Rb4 Rbc7 26. a4 bxa4 27. Rxa4 Rb8 28. Nd1 Rb6 29. b3 Nd5 30. g3 Kf6 31. c4 Nb4 32. Rd2 Nc6 33. Ra3 a5 34. Nc3 Rcb7 35. Nb5 Na7 36. Nd6 Rb8 37. Rd3 Nc6 38. h4 Ke7 39. Nb5 R8b7 40. Rd2 Na7 41. Nxa7 Rxa7 42. Ke3 Rb4 43. Kd3 a4 44. bxa4 Rbxa4 45. Rxa4 Rxa4 46. Rb2 Ra3+ 47. Ke4 Rc3 48. Rb4 Kd6 49. Ra4 e5 50. g4 hxg4 51. fxg4 Rg3 52. c5+ Kxc5 53. Kxe5 Rf3 54. Rf4 Re3+ 55. Kf6 Rh3 56. g5 Kd6 57. Kxf7 Ke5 58. Ra4 Kf5 59. Ra5+ Kg4 60. Kxg6 Rxh4 61. Ra4+ 1-0


[Site "https://www.chess.com"]

[Event "Titled Tuesday Blitz April 19 Early 2022"]
[White "Weetik, Vjacheslav"]
[Black "Pesotskiy, Mikhail"]
[WhiteFideId "4153472"]
[BlackFideId "34164453"]
[WhiteElo "2469"]
[BlackElo "2010"]
[Result "1-0"]
[Round "10"]
[TimeControl "180+1"]
[Date "2022.04.19"]
[WhiteClock "0:01:27"]
[BlackClock "0:01:27"]

1. d4 Nf6 2. c4 c5 3. d5 e6 4. Nc3 exd5 5. cxd5 d6 6. Nf3 g6 7. Nd2 Bg7 8. e4 O-O 9. Be2 a6 10. a4 Re8 11. O-O Nbd7 12. Ra3 Rb8 13. Re1 Ne5 14. h3 g5 15. Nf3 Nxf3+ 16. Bxf3 Nd7 17. Bg4 b5 18. axb5 axb5 19. Ra7 Ne5 20. Bxc8 Qxc8 21. Bxg5 b4 22. Ne2 Nc4 23. Ng3 Nxb2 24. Qh5 Nd3 25. Qxf7+ 1-0


[Site "https://www.chess.com"]

[Event "Titled Tuesday Blitz April 19 Early 2022"]
[White "Wieczorek, Oskar"]
[Black "Seo, Jung Min"]
[WhiteFideId "1133950"]
[BlackFideId "1734687"]
[WhiteElo "2319"]
[BlackElo "2401"]
[Result "0-1"]
[Round "10"]
[TimeControl "180+1"]
[Date "2022.04.19"]
[WhiteClock "0:00:04"]
[BlackClock "0:00:43"]

1. e4 c5 2. Nf3 d6 3. d4 cxd4 4. Nxd4 Nf6 5. Nc3 a6 6. h4 e5 7. Nb3 Be6 8. f4 Qc7 9. f5 Bc4 10. Bg5 Nbd7 11. Qf3 h5 12. O-O-O b5 13. Kb1 b4 14. Bxc4 Qxc4 15. Nd5 Nxd5 16. Rxd5 Nb6 17. Rd2 a5 18. Rhd1 a4 19. Nc1 f6 20. Be3 Nd7 21. b3 Qc6 22. Nd3 Qb5 23. Qg3 Qb7 24. Qg6+ Kd8 25. Nc5 Nxc5 26. Bxc5 axb3 27. axb3 Ra6 28. Bxd6 Bxd6 29. Rxd6+ Rxd6 30. Rxd6+ Kc8 31. Qg3 Rd8 32. Rxd8+ Kxd8 33. Qd3+ Ke7 34. Qc4 Qb6 35. Kb2 Kf8 36. Qc8+ Ke7 37. Qc4 Kf8 38. Qd5 Ke7 39. Qe6+ Qxe6 40. fxe6 Kxe6 41. c3 bxc3+ 42. Kxc3 g6 43. Kc4 Kd6 44. b4 f5 45. exf5 gxf5 46. b5 Kc7 47. Kd5 e4 0-1


[Site "https://www.chess.com"]

[Event "Titled Tuesday Blitz April 19 Early 2022"]
[White "Xu, Yi"]
[Black "Zhigalko, Sergei"]
[WhiteFideId "8605564"]
[BlackFideId "13502956"]
[WhiteElo "2471"]
[BlackElo "2662"]
[Result "0-1"]
[Round "10"]
[TimeControl "180+1"]
[Date "2022.04.19"]
[WhiteClock "0:00:00"]
[BlackClock "0:00:04"]

1. e4 c5 2. Nf3 Nc6 3. Bb5 Nf6 4. Nc3 Qc7 5. O-O Nd4 6. Re1 a6 7. Bf1 Ng4 8. g3 Nxf3+ 9. Qxf3 Ne5 10. Qe2 e6 11. Bg2 d6 12. b3 Be7 13. Bb2 O-O 14. Nd1 b5 15. f4 Nc6 16. c3 b4 17. Ne3 a5 18. Rac1 a4 19. cxb4 Nxb4 20. bxa4 Rxa4 21. a3 Nc6 22. Qg4 Nd4 23. f5 Bf6 24. Bc3 Rxa3 25. Qh5 g6 26. Qh3 Bg7 27. Ng4 exf5 28. Nh6+ Kh8 29. exf5 Bxf5 30. g4 Be6 31. Qh4 Qd7 32. Re3 Qd8 33. g5 Qd7 34. Rf1 Ra2 35. Kh1 Ra4 36. Qe1 Nf5 37. Bxg7+ Nxg7 38. Rf6 Rd4 39. Qf2 Nf5 40. Nxf5 Bxf5 41. Re1 Kg7 42. Qe3 h6 43. Qg3 hxg5 44. Qxg5 Rg4 45. Qe3 Kxf6 0-1


[Site "https://www.chess.com"]

[Event "Titled Tuesday Blitz April 19 Early 2022"]
[White "Yanayt, Eugene"]
[Black "Omariev, Maksim"]
[WhiteFideId "2020165"]
[BlackFideId "4193423"]
[WhiteElo "2046"]
[BlackElo "2481"]
[Result "0-1"]
[Round "10"]
[TimeControl "180+1"]
[Date "2022.04.19"]
[WhiteClock "0:00:29"]
[BlackClock "0:00:10"]

1. d4 Nf6 2. c4 c5 3. d5 d6 4. Nc3 e6 5. Nf3 exd5 6. cxd5 g6 7. Nd2 Bg7 8. e4 O-O 9. Be2 Re8 10. O-O a6 11. a4 Nbd7 12. Re1 Rb8 13. a5 b5 14. axb6 Nxb6 15. Bxa6 Ra8 16. Qe2 Nbxd5 17. Qb5 Nc7 18. Qc6 Rxa6 19. Rxa6 Bxa6 20. Nf3 Qd7 21. Qb6 Bc8 22. Bf4 Ne6 23. Bxd6 Qb7 24. Bxc5 Nxc5 25. Qxc5 Qxb2 26. h3 Nd7 27. Qd5 Qxc3 28. Re3 Qc5 29. Qa2 Ne5 30. Ng5 h6 31. Nf3 Nxf3+ 32. Rxf3 Be6 33. Qa4 Rd8 34. g3 Bxh3 35. Kh2 Bg4 36. Rf4 h5 37. Qa2 Be6 38. Qe2 Be5 39. Rh4 Bg4 40. f3 Qc3 0-1


[Site "https://www.chess.com"]

[Event "Titled Tuesday Blitz April 19 Early 2022"]
[White "Zanette, Edgard Vinicius"]
[Black "Bach, Ngoc Thuy Duong"]
[WhiteFideId "2109263"]
[BlackFideId "12408956"]
[WhiteElo "2182"]
[BlackElo "1862"]
[Result "1-0"]
[Round "10"]
[TimeControl "180+1"]
[Date "2022.04.19"]
[WhiteClock "0:00:34"]
[BlackClock "0:00:30"]

1. e4 c5 2. Nc3 d6 3. g3 Nf6 4. Bg2 Nc6 5. Nge2 e5 6. Nd5 Be6 7. Nec3 Nd4 8. Nxf6+ Qxf6 9. Nd5 Bxd5 10. exd5 Qf5 11. d3 Be7 12. c3 Nb5 13. Qa4 Qd7 14. h4 Nc7 15. Qxd7+ Kxd7 16. Bh3+ Ke8 17. c4 b5 18. Bd2 a5 19. b3 h5 20. a4 b4 21. O-O Bf6 22. Rae1 Kf8 23. Bd7 g6 24. Re2 Kg7 25. Kg2 Rad8 26. Bc6 Kh7 27. f4 Kg7 28. f5 Rhf8 29. Ref2 Ne8 30. fxg6 fxg6 31. Bxe8 Rdxe8 32. Bh6+ Kxh6 33. Rxf6 Rxf6 34. Rxf6 e4 35. dxe4 Rxe4 36. Rxd6 Re3 37. Rc6 Rxb3 38. Rxc5 Rc3 39. d6 Re3 40. d7 1-0


[Site "https://www.chess.com"]

[Event "Titled Tuesday Blitz April 19 Early 2022"]
[White "Zhurikhin, Alexander"]
[Black "Vignesh, N R"]
[WhiteFideId "4139569"]
[BlackFideId "25012215"]
[WhiteElo "2204"]
[BlackElo "2363"]
[Result "1-0"]
[Round "10"]
[TimeControl "180+1"]
[Date "2022.04.19"]
[WhiteClock "0:00:08"]
[BlackClock "0:00:52"]

1. c4 f5 2. Nc3 Nf6 3. d3 e6 4. e4 fxe4 5. dxe4 Nc6 6. g3 Bb4 7. Bg2 O-O 8. Ne2 e5 9. O-O d6 10. h3 Qe8 11. Nd5 Ba5 12. Be3 Qg6 13. b4 Bxb4 14. Nxc7 Rb8 15. Qc2 Bc5 16. Rad1 Bxe3 17. fxe3 Qh6 18. c5 Qxe3+ 19. Kh2 dxc5 20. Nd5 Qh6 21. Qxc5 Be6 22. Nxf6+ Rxf6 23. Rxf6 Qxf6 24. Rd6 Rd8 25. Nc3 Qf8 26. Rxd8 Qxd8 27. Nd5 Qd7 28. h4 Kf7 29. Qf2+ Ke8 30. Qc5 b6 31. Qb5 Ne7 32. Nc7+ Kd8 33. Qxe5 Nc6 34. Nxe6+ Ke7 35. Qxg7+ Kxe6 36. Bh3+ 1-0


[Site "https://www.chess.com"]

[Event "Titled Tuesday Blitz April 19 Early 2022"]
[White "Zia, Tahsin Tajwar"]
[Black "Miszler, Levente"]
[WhiteFideId "10211888"]
[BlackFideId "763276"]
[WhiteElo "1800"]
[BlackElo "1966"]
[Result "1-0"]
[Round "10"]
[TimeControl "180+1"]
[Date "2022.04.19"]
[WhiteClock "0:00:49"]
[BlackClock "0:00:44"]

1. d4 d5 2. Bf4 Bf5 3. c4 e6 4. e3 c6 5. Nc3 Bd6 6. Bxd6 Qxd6 7. Qb3 Qc7 8. Nf3 Nd7 9. Nh4 Bg6 10. Be2 Ne7 11. Rc1 Nf5 12. Nxg6 hxg6 13. cxd5 exd5 14. Nxd5 Qa5+ 15. Nc3 Qc7 16. g3 Nf6 17. Bf3 g5 18. Ne4 Nxe4 19. Bxe4 Nd6 20. Bg2 Qa5+ 21. Qc3 Qxa2 22. O-O Qe6 23. d5 cxd5 24. Qb3 Kd7 25. Qxd5 Qh6 26. h3 Rac8 27. Rcd1 Qf6 28. Qxb7+ Ke6 29. Rxd6+ Kxd6 30. Rd1+ Kc5 31. Rd5+ 1-0


[Site "https://www.chess.com"]

[Event "Titled Tuesday Blitz April 19 Early 2022"]
[White "Zor, Alber Kadir"]
[Black "Schekachikhin, Maksim"]
[WhiteFideId "6353169"]
[BlackFideId "24177830"]
[WhiteElo "1966"]
[BlackElo "2230"]
[Result "1-0"]
[Round "10"]
[TimeControl "180+1"]
[Date "2022.04.19"]
[WhiteClock "0:00:27"]
[BlackClock "0:00:47"]

1. e4 c5 2. Nf3 e6 3. d4 cxd4 4. Nxd4 Nc6 5. Nc3 Qc7 6. Be3 a6 7. g4 b5 8. Nxc6 dxc6 9. Qf3 Bb7 10. O-O-O Nf6 11. g5 Nd7 12. h4 Bb4 13. Bd4 e5 14. Bxe5 Nxe5 15. Qg3 Bxc3 16. Qxc3 O-O 17. h5 Rad8 18. Be2 Rxd1+ 19. Bxd1 c5 20. Rg1 Bxe4 21. Re1 b4 22. Qe3 Re8 23. Qxe4 Nd3+ 24. cxd3 Rxe4 25. Rxe4 Qd8 26. f4 h6 27. g6 fxg6 28. hxg6 Kf8 29. Ba4 h5 30. f5 h4 31. f6 gxf6 32. Re8+ Qxe8 33. g7+ Kxg7 34. Bxe8 h3 35. Kd2 f5 36. Ke3 Kf6 37. Bc6 Ke5 38. d4+ cxd4+ 39. Kd3 h2 40. Bb7 a5 41. b3 Kf4 42. Kxd4 Kg3 43. Ke3 f4+ 44. Ke2 Kg4 45. Kf2 Kf5 46. Kg2 Ke5 47. Kxh2 Kd4 48. Kh3 Kc3 49. Kg4 Kb2 50. Bc6 Kxa2 51. Ba4 Kb2 52. Kxf4 Kc3 53. Ke4 1-0


[Site "https://www.chess.com"]

[Event "Titled Tuesday Blitz April 19 Early 2022"]
[White "parintele_chess"]
[Black "Gatterer, Florian"]
[BlackFideId "811688"]
[WhiteElo "2225"]
[BlackElo "2218"]
[Result "0-1"]
[Round "10"]
[TimeControl "180+1"]
[Date "2022.04.19"]
[WhiteClock "0:01:48"]
[BlackClock "0:01:27"]

1. d4 g6 2. e4 d6 3. Nc3 Nf6 4. f4 Bg7 5. Nf3 O-O 6. Bd3 Nc6 7. O-O e5 8. d5 Nd4 9. fxe5 dxe5 10. Nxe5 Nxe4 11. Bxe4 Bxe5 12. Bh6 Qh4 13. h3 Qxh6 14. d6 c6 15. Kh1 Bxh3 16. Rf3 Bg4+ 17. Kg1 Bxf3 18. Bxf3 Qe3+ 19. Kf1 Nxf3 20. gxf3 Bxc3 21. bxc3 Rad8 22. d7 Qe6 23. Qd4 Qh3+ 24. Kf2 Rxd7 25. Rg1 Rxd4 0-1


[Site "https://www.chess.com"]

[Event "Titled Tuesday Blitz April 19 Early 2022"]
[White "Aaditya Dhingra"]
[Black "Khamdamova, Afruza"]
[WhiteFideId "25678191"]
[BlackFideId "14210444"]
[WhiteElo "1849"]
[BlackElo "1660"]
[Result "1-0"]
[Round "11"]
[TimeControl "180+1"]
[Date "2022.04.19"]
[WhiteClock "0:01:42"]
[BlackClock "0:02:16"]

1. d4 Nf6 2. Nf3 d5 3. c4 e6 4. Nc3 Be7 5. Bf4 O-O 6. e3 dxc4 7. Bxc4 b6 8. O-O Bb7 9. Rc1 Nbd7 10. Ne5 c5 11. Nxd7 Qxd7 12. dxc5 Bxc5 13. Qxd7 Nxd7 14. Rfd1 Nf6 15. a3 Rac8 16. Nb5 a6 17. Nd6 Bxd6 18. Bxd6 Rfd8 19. Be5 Nd5 20. e4 Ne7 21. f3 Rxd1+ 22. Rxd1 f6 23. Bxe6+ Kf8 24. Bxc8 Bxc8 25. Bd6 1-0


[Site "https://www.chess.com"]

[Event "Titled Tuesday Blitz April 19 Early 2022"]
[White "Al-Tarboush, Ward"]
[Black "Pourkashiyan, Atousa"]
[WhiteFideId "7601450"]
[BlackFideId "12502014"]
[WhiteElo "2276"]
[BlackElo "2247"]
[Result "1-0"]
[Round "11"]
[TimeControl "180+1"]
[Date "2022.04.19"]
[WhiteClock "0:02:24"]
[BlackClock "0:00:15"]

1. e4 e5 2. Nf3 Nc6 3. Bb5 a6 4. Ba4 Nf6 5. O-O Be7 6. Qe2 b5 7. Bb3 d6 8. c3 O-O 9. Rd1 Na5 10. Bc2 c5 11. d4 Qc7 12. d5 c4 13. b4 cxb3 14. axb3 Nb7 15. b4 Bd7 16. Be3 a5 17. Bd3 axb4 18. Rxa8 Rxa8 19. cxb4 Ra4 20. Rc1 Qb8 21. Qb2 Nd8 22. Nc3 Ra8 23. Qe2 Ng4 24. Bd2 Qb6 25. h3 Nf6 26. Be3 Qb8 27. Nd2 Ne8 28. Nxb5 Bxb5 29. Bxb5 Nc7 30. Bc6 Nxc6 31. dxc6 Qxb4 32. Rb1 Qc3 33. Qc4 Qa3 34. Rb7 Qa5 35. Bb6 Qa1+ 36. Kh2 Ra4 37. Qd3 Ra3 38. Rb8+ Bf8 39. Rxf8+ Kxf8 40. Qxd6+ 1-0


[Site "https://www.chess.com"]